 Dungeon Crawl Stone Soup version 0.30-a0-1050-g2766ea1e55 (console) character file.

Game seed: 12949310332080517519

6663 Kenran the Grappler (level 10, -17/104 HPs)
             Began as a Troll Fighter on Apr 11, 2023.
             Was an Elder of Okawaru.
             Demolished by Erolcha
             ... wielding a +0 giant club
              (32 damage)
             ... on level 9 of the Dungeon.
             The game lasted 00:24:26 (7276 turns).

Kenran the Grappler (Troll Fighter)                 Turns: 7276, Time: 00:24:27

Health: -17/104    AC: 10    Str: 28    XL:     10   Next: 73%
Magic:  10/10      EV:  9    Int:  4    God:    Okawaru [****..]
Gold:   1453       SH:  9    Dex: 11    Spells: 9/9 levels left

rFire   . . .      SeeInvis .      - Unarmed
rCold   + . .      Faith    .    b - +0 kite shield
rNeg    . . .      Spirit   .    H - +2 robe {Will+}
rPois   +          Reflect  .    N - +2 hat
rElec   .          Rampage  .    C - +1 cloak of Qiyxewuz {rCorr}
rCorr   +                        (gloves unavailable)
Will    +....                    (boots unavailable)
Stlth   +                        (no amulet)
HPRegen 1.17/turn                g - ring of poison resistance
MPRegen 0.12/turn                B - ring of protection from cold

@: no status effects
A: large, unfitting armour, claws 3, regeneration 1, shaggy fur 1, tough skin 1
a: Renounce Religion, Heroism, Finesse


You were on level 9 of the Dungeon.
You worshipped Okawaru.
Okawaru was greatly pleased with you.
You visited 2 branches of the dungeon, and saw 10 of its levels.
You also visited: Ossuary.

You collected 1453 gold pieces.

Inventory:

Hand Weapons
 I - a +5 flail of freezing
Missiles
 w - 67 stones (quivered)
 E - 6 curare-tipped darts
 J - 4 large rocks
 K - 7 poisoned darts
 O - 7 boomerangs
Armour
 b - a +0 kite shield (worn)
 C - the +1 cloak of Qiyxewuz (worn) {rCorr}
   (You acquired it on level 5 of the Dungeon)

   rCorr:     It protects you from acid and corrosion.
 H - a +2 robe of willpower (worn)
 N - a +2 hat (worn)
Jewellery
 g - a ring of poison resistance (left claw)
 x - a ring of fire
 B - a ring of protection from cold (right claw)
 M - a ring of see invisible
Wands
 m - a wand of acid (3)
 p - a wand of flame (85)
 r - a wand of mindburst (26)
 v - a wand of roots (9)
 L - a wand of polymorph (13)
Scrolls
 c - 2 scrolls of enchant weapon
 e - 4 scrolls of teleportation
 f - a scroll of poison
 j - 6 scrolls of magic mapping
 k - 3 scrolls of enchant armour
 s - 3 scrolls of vulnerability {!r}
 u - 3 scrolls of immolation {!r}
 y - a scroll of fog
 F - a scroll of blinking
Potions
 a - a potion of berserk rage {unknown}
 d - a potion of attraction {unknown}
 h - 2 potions of brilliance {unknown}
 i - 3 potions of haste
 l - 2 potions of ambrosia {unknown}
 n - 4 potions of curing {@q1}
 o - 3 potions of heal wounds {unknown}
 q - 2 potions of flight {unknown}
 t - 2 potions of resistance
 z - a potion of lignification {!q}
 A - a potion of magic
 D - a potion of might
 G - a potion of mutation {unknown}


   Skills:
 - Level 8.0 Fighting
 - Level 3.0 Dodging
 - Level 6.0 Shields
 + Level 11.9 Unarmed Combat
 - Level 2.0 Invocations
 - Level 2.0 Evocations


You had 9 spell levels left.
You didn't know any spells.
Your spell library contained the following spells:

 Spells                   Type           Power      Damage    Failure   Level
 Apportation              Tloc           0%         N/A       77%         1
 Necrotise                Necr           0%         1d4       77%         1
 Slow                     Hex            0%         N/A       77%         1
 Confusing Touch          Hex            0%         N/A       98%         3
 Portal Projectile        Hex/Tloc       0%         N/A       98%         3
 Vampiric Draining        Necr           0%         2d6       98%         3
 Leda's Liquefaction      Hex/Erth       0%         N/A       100%        4
 Chain Lightning          Conj/Air       0%         N/A       100%        9
 Fire Storm               Conj/Fire      0%         5d1       100%        9
 Shatter                  Erth           0%         3d5*      100%        9
 Summon Small Mammal      Summ           Unusable   N/A       N/A         1
 Call Canine Familiar     Summ           Unusable   N/A       N/A         3

Dungeon Overview and Level Annotations

Branches:
Dungeon (9/15)             Temple (1/1) D:5         Ossuary (visited)
   Lair: D:8-11         Orc: D:9-12

Altars:
Cheibriados
Dithmenos
Elyvilon
Fedhas
Gozag
Hepliaklqana
Kikubaaqudgha
Makhleb
Nemelex Xobeh
Okawaru
Qazlal
Ru
Sif Muna
Trog
Uskayaw
Vehumet
Wu Jian
Xom
Yredelemnul
Zin
The Shining One

Annotations:
D:8 exclusion: statue
D:9 4 runed translucent doors, Erolcha


Innate Abilities, Weirdness & Mutations

You are too large for most types of armour.
You have claws for hands.
Your natural rate of healing is unusually fast.
You are covered in fur. (AC +1)
You have tough skin. (AC +1)


Message History

You block the wight's attack.
You claw the wight!
The wight is heavily damaged.
You block the wight's attack.
You barely miss the wight.
The wight is heavily damaged.
You barely miss the wight.
The wight is heavily damaged.
You claw the wight!
You destroy the wight!
Okawaru accepts your kill. You block the wight's attack.
You mangle the wight!!
You destroy the wight!
Okawaru accepts your kill.
No target in view!
Items here: )) [[.
Items here: )) [[.
w - 67 stones (gained 2)
O - 2 boomerangs
Things that are here:
a +0 dire flail; a +0 plate armour
O - 7 boomerangs (gained 5)
You now have 1453 gold pieces (gained 13).
You see here a +0 shortbow.
Erolcha the Cunning comes into view.
She is wielding a +0 giant club.
Erolcha shouts!
Erolcha gestures wildly while chanting.
Erolcha flickers and vanishes!
Deactivating autopickup; reactivate with Ctrl-A.
You closely miss something. Something hits you!!
You closely miss something. Something hits you!!
You mangle something!! You closely miss something. Something hits you!!!
* * * LOW HITPOINT WARNING * * *
You mangle something!! You miss something. Something hits you!
* * * LOW HITPOINT WARNING * * *
You feel better. Something hits you!!
You die...

........#.....#..................
####....#.....##..#...#....#..##.
####.#.........##<## ..###....
##...#.......#.....# .##.....
#......#.........#####.##...##
#.....##..........##.#..#...##
#..#.............#.....#.....#
##.##.#.....#....#.....##..... ..
####....##........###..#.. ##.
#....{..............#.) #.
#.....@.............##) ##
#...##..............##..
...............#...)....
#..#..##.....##..)..... ## ###
#.....#......... ##.#............
####.##........ ####........
###.....# ..#...## ......#


There were no monsters in sight!

Vanquished Creatures
  Pikel (D:6)
  A gargoyle (D:7)
  An unseen horror (D:6)
  The ghost of Azuvok the Cleaver, an amateur MiFi (D:5)
  Grinder (D:3)
  A hornet (D:4)
  Sigmund (D:6)
  A shadow (D:9)
  Eustachio (D:6)
  2 steam dragons
  2 acid dragons (D:8)
  5 water moccasins
  An orc warrior (D:9)
  2 sky beasts
  4 ice beasts
  3 centaurs
  2 phantoms
  Blork the orc (D:5)
  A bullfrog (D:6)
  4 scorpions
  15 wights
  6 howler monkeys
  4 bullfrog zombies (Ossuary)
  A jelly (D:4)
  A centaur zombie (Ossuary)
  2 hounds
  2 quasits (D:4)
  2 orc priests (D:4)
  2 sleepcaps
  Jessica (D:2)
  3 iguanas
  14 mummies (Ossuary)
  Ijyb (D:5)
  Natasha (thrice) (D:3)
  3 orc wizards
  2 killer bee zombies (Ossuary)
  5 howler monkey zombies (Ossuary)
  Robin (D:2)
  4 gnolls (D:3)
  9 adders
  A white imp (D:6)
  The ghost of FlurksSlurper the Sneak, a weakling DsDe (D:4)
  5 dart slugs
  12 orcs
  6 endoplasms
  3 giant cockroaches
  11 hobgoblins
  6 jackals (D:4)
  6 kobolds
  2 quokkas
  8 ball pythons
  9 bats
  A frilled lizard (D:3)
  13 goblins
  A goblin zombie (D:5)
  A quokka zombie (D:5)
  3 rats
206 creatures vanquished.

Vanquished Creatures (others)
  An orc (D:5)
  7 plants (D:6)
  4 withered plants (Ossuary)
12 creatures vanquished.

Grand Total: 218 creatures vanquished

Notes
Turn   | Place    | Note
-------+----------+-------------------------------------------
     0 | D:1      | Kenran the Troll Fighter began the quest for the Orb.
     0 | D:1      | Reached XP level 1. HP: 22/22 MP: 0/0
   286 | D:1      | Reached XP level 2. HP: 29/29 MP: 1/1
   849 | D:2      | Reached XP level 3. HP: 36/36 MP: 2/2
   855 | D:2      | Noticed Jessica
   859 | D:2      | Killed Jessica
   860 | D:2      | Reached skill level 3 in Unarmed Combat
   942 | D:2      | Noticed Robin
   969 | D:2      | Killed Robin
   970 | D:2      | Reached XP level 4. HP: 38/44 MP: 3/3
  1030 | D:2      | Reached skill level 4 in Unarmed Combat
  1057 | D:2      | Found an opulent altar of Gozag.
  1404 | D:3      | Noticed Natasha
  1411 | D:3      | Killed Natasha
  1412 | D:3      | Reached XP level 5. HP: 33/50 MP: 4/4
  1472 | D:3      | Noticed Grinder
  1482 | D:3      | Paralysed by Grinder for 2 turns
  1486 | D:3      | Found an opulent altar of Gozag.
  1490 | D:3      | Killed Grinder
  1491 | D:3      | Reached skill level 6 in Unarmed Combat
  1491 | D:3      | Reached XP level 6. HP: 54/61 MP: 5/5
  1849 | D:3      | Noticed Natasha
  1854 | D:3      | Killed Natasha
  2024 | D:3      | Found a shadowy altar of Dithmenos.
  2024 | D:3      | Found an ancient bone altar of Kikubaaqudgha.
  2038 | D:3      | Found a blossoming altar of Fedhas.
  2043 | D:3      | Found a faded altar of an unknown god.
  2045 | D:3      | Found a white marble altar of Elyvilon.
  2190 | D:4      | Reached skill level 7 in Unarmed Combat
  2207 | D:4      | Found a transporter.
  2214 | D:4      | Reached XP level 7. HP: 67/67 MP: 6/6
  2214 | D:4      | Noticed FlurksSlurper's ghost (weakling DsDe)
  2282 | D:4      | Found a transporter.
  2353 | D:4      | Noticed a hornet
  2359 | D:4      | Killed a hornet
  2360 | D:4      | Reached skill level 8 in Unarmed Combat
  2661 | D:4      | Found a hide-covered altar of Uskayaw.
  2914 | D:5      | Entered Level 5 of the Dungeon
  2946 | D:5      | Noticed Ijyb
  2982 | D:5      | Killed Ijyb
  2997 | D:5      | Found a runed translucent gate.
  2997 | D:5      | Found a runed translucent gate.
  2997 | D:5      | Found a runed translucent gate.
  2997 | D:5      | Noticed Azuvok's ghost (amateur MiFi)
  3044 | D:5      | Found a sand-covered staircase.
  3060 | Ossuary  | Entered an ossuary
  3071 | Ossuary  | Reached skill level 9 in Unarmed Combat
  3071 | Ossuary  | Reached XP level 8. HP: 75/75 MP: 7/7
  3246 | Ossuary  | Reached skill level 5 in Fighting
  3321 | Ossuary  | Reached skill level 1 in Evocations
  3500 | D:5      | Found a staircase to the Ecumenical Temple.
  3506 | Temple   | Entered the Ecumenical Temple
  3547 | Temple   | Became a worshipper of Warmaster Okawaru
  3602 | D:5      | Noticed Blork the orc
  3611 | D:5      | Killed Blork the orc
  3840 | D:5      | Reached skill level 1 in Invocations
  4063 | D:5      | Identified a scroll of acquirement
  4064 | D:5      | Acquired the +1 cloak of Qiyxewuz {rCorr}
  4114 | D:6      | Noticed Eustachio
  4144 | D:6      | Killed Eustachio
  4216 | D:6      | Acquired 916 gold pieces
  4277 | D:6      | Reached XP level 9. HP: 60/89 MP: 9/9
  4321 | D:6      | Reached * piety under Okawaru
  4371 | D:6      | Found a snail-covered altar of Cheibriados.
  4411 | D:6      | Killed an unseen horror
  4412 | D:6      | Reached skill level 10 in Unarmed Combat
  4498 | D:6      | Noticed Sigmund
  4509 | D:6      | Killed Sigmund
  4509 | D:6      | Reached ** piety under Okawaru
  4648 | D:6      | Found a hazy altar of Hepliaklqana.
  4947 | D:6      | Noticed Pikel
  4963 | D:6      | Killed Pikel
  5237 | D:5      | Killed Azuvok's ghost
  5237 | D:5      | Reached *** piety under Okawaru
  5340 | D:3      | Noticed Natasha
  5347 | D:3      | Killed Natasha
  5348 | D:3      | Reached skill level 11 in Unarmed Combat
  5487 | D:4      | Reached XP level 10. HP: 100/102 MP: 10/10
  5492 | D:4      | Killed FlurksSlurper's ghost
  5637 | D:7      | Noticed a gargoyle
  5653 | D:7      | Killed a gargoyle
  5654 | D:7      | Reached skill level 5 in Shields
  5851 | D:7      | Identified the +2 scale mail of Zufagot {rN+ Str+3}
  6000 | D:7      | Reached **** piety under Okawaru
  6591 | D:8      | Found a radiant altar of Vehumet.
  6968 | D:9      | Found the +9 staff of Olgreb {rPois∞}
  6980 | D:9      | Noticed a black mamba
  6980 | D:9      | Noticed a black mamba
  6981 | D:9      | Noticed a black mamba
  6981 | D:9      | Found a runed translucent gate.
  6981 | D:9      | Found a runed translucent gate.
  7140 | D:9      | Found a runed translucent gate.
  7140 | D:9      | Noticed a wolf spider
  7142 | D:9      | Found a runed translucent door.
  7200 | D:9      | Identified the +8 hand axe "Worm" {venom, rElec Dex+3}
  7266 | D:9      | Noticed Erolcha
  7276 | D:9      | Demolished by Erolcha

Illustrated notes

Levels and vault maps discovered:
D:1:      minmay_arrival_glassed_features, layout_basic, minmay_split_cup_large
D:2:      layout_loops_ring, basic_altar, roderic_cross_of_infinity, uniq_robin,
          uniq_jessica
D:3:      layout_basic, nicolae_gozag_seed_capital,
          chequers_temple_overflow_minitemple, minmay_misc_feat_rugged,
          uniq_natasha, uniq_grinder
D:4:      layout_basic, nicolae_uskayaw_suspiria, gammafunk_ghost_stat_death
D:5:      layout_loops_cross, temple_fountains, enter_ossuary_4,
          ebering_ghost_rock_garden, uniq_blork_the_orc, uniq_ijyb
D:6:      nicolae_cairo_tiling_large, layout_loops_cross,
          nicolae_hepliaklqana_hazy_memory, kennysheep_slug_shrine, minivault_4,
          uniq_eustachio, uniq_pikel, uniq_sigmund
D:7:      layout_basic
D:8:      layout_loops_ring, vehumet_statue
D:9:      minmay_angry_zag, layout_cave_pools,
          minmay_guarded_unrand_staff_of_olgreb, uniq_erolcha
Temple:   nicolae_temple_ecumenical_triangle

Skill      XL: |  1  2  3  4  5  6  7  8  9 10 |
---------------+-------------------------------+-----
Shields        | 3 4 6 |  6.0
Unarmed Combat | 3 4 6 7 9 11 | 11.9
Fighting       | 3 6 7 8 |  8.0
Dodging        | 3 |  3.0
Evocations     | 2 |  2.0
Invocations    | 2 |  2.0

Action                     |  1- 3 |  4- 6 |  7- 9 | 10-12 || total
---------------------------+-------+-------+-------+-------++-------
  Melee: Unarmed           |    86 |   125 |   315 |   124 ||   650
    Use: Scroll            |       |     4 |     7 |     7 ||    18
         Potion            |       |     1 |       |     1 ||     2
   Stab: Sleeping          |     1 |       |     1 |       ||     2
 Armour: Robe              |    23 |    41 |    62 |    37 ||   163
  Dodge: Dodged            |    33 |    55 |    74 |    39 ||   201
  Block: Kite shield       |    32 |    34 |   105 |    46 ||   217

Table legend: (Time is in decaauts)
 A = Elapsed time spent in this place.
 B = Non-inter-level travel time spent in this place.
 C = Inter-level travel time spent in this place.
 D = Time resting spent in this place.
 E = Time spent auto-exploring this place.
 F = Levels seen in this place.
 G = Mean time per level.
                   A        B        C        D        E       F      G
               +--------+--------+--------+--------+--------+-----+--------+
         Total |   7270 |   6843 |    427 |    107 |   3396 |  11 |  660.9 |
       Dungeon |   6854 |   6435 |    419 |     64 |   3273 |   9 |  761.6 |
        Temple |     46 |     38 |      8 |      0 |     25 |   1 |   46.0 |
       Ossuary |    369 |    369 |      0 |     43 |     98 |   1 |  369.0 |
               +--------+--------+--------+--------+--------+-----+--------+

Top non-repeatable levels by time:
     D:6: 1134 daAuts
     D:3: 897 daAuts
     D:4: 881 daAuts
     D:5: 862 daAuts
     D:1: 764 daAuts
     D:7: 716 daAuts
     D:2: 636 daAuts
     D:8: 618 daAuts
 Ossuary: 369 daAuts
     D:9: 342 daAuts
  Temple: 46 daAuts
